 Dungeon Crawl Stone Soup version 0.31-a0-700-gf13585253f (webtiles) character file.

Game seed: 7354780481263330524

617 qw the Shooter (level 7, -1/44 HPs)
             Began as a Gargoyle Hunter on Sept 7, 2023.
             Slain by an orc priest
             ... wielding a +0 flail
              (7 damage)
             ... on level 5 of the Dungeon.
             The game lasted 00:01:29 (3922 turns).

qw the Shooter (Gargoyle Hunter)                    Turns: 3922, Time: 00:01:29

Health: -1/44      AC: 12    Str: 15    XL:     7   Next: 45%
Magic:  7/7        EV: 11    Int:  9    God:
Gold:   210        SH:  0    Dex: 15    Spells: 6/6 levels left

rFire   . . .        j - +0 arbalest
rCold   . . .        (shield currently unavailable)
rNeg    + . .        m - +0 ring mail
rPois   inf          f - +1 hat
rElec   +            h - +0 cloak
rCorr   .            (no gloves)
SInv    +            (no boots)
Will    .....        e - amulet of the acrobat
Stlth   +            g - ring of see invisible
HPRegen 0.27/turn    (no ring)
MPRegen 0.10/turn

%: acrobat
@: about to teleport
A: sickness immunity, AC +4, negative energy resistance 1, electricity
resistance, torment resistance 1, petrification resistance
a: no special abilities


You were on level 5 of the Dungeon.
You visited 1 branch of the dungeon, and saw 5 of its levels.

You collected 210 gold pieces.


Innate Abilities, Weirdness & Mutations

You are immune to sickness and miasma.
Your stone body is resilient. (AC +4)
You are immune to poison.
You resist negative energy. (rN+)
You are resistant to electric shocks. (rElec)
You are resistant to unholy torment.
You are immune to petrification.


   Skills:
 - Level 4.8 Fighting
 + Level 7.8 Ranged Weapons
 - Level 1.0 Armour
 - Level 1.5 Dodging
 - Level 1.1 Stealth


You had 6 spell levels left.
You didn't know any spells.
Your spell library was empty.

Inventory:

Hand Weapons
 j - a +0 arbalest (weapon)
Armour
 f - a +1 hat (worn)
 h - a +0 cloak (worn)
 m - a +0 ring mail (worn)
Jewellery
 b - a ring of fire
 e - an amulet of the acrobat (around neck)
 g - a ring of see invisible (left hand)
Scrolls
 c - a scroll of immolation {unknown}
 k - a scroll of identify
Potions
 a - 5 potions of curing
 i - 3 potions of enlightenment
 l - a potion of berserk rage {unknown}

Dungeon Overview and Level Annotations

Branches:
Dungeon (5/15)
 Temple: D:4-7

Altars:
Elyvilon
Ru
Yredelemnul

Annotations:
D:5 Grinder


Message History

You shoot a bolt. The bolt closely misses the orc priest.
The bolt misses the ufetubus.
The bolt hits the orc!
You kill the orc!
An ogre comes into view. It is wielding a +0 giant club.
The orc priest barely misses you.
Grinder blinks!
An adder comes into view.
The orc priest hits you with a +0 flail.
The ogre moves out of view.
You shoot a bolt. The bolt barely misses the orc priest.
The bolt completely misses the ufetubus.
The adder hisses angrily.
The bolt hits the adder!
You kill the adder!
The orc priest hits you but does no damage.
Grinder gestures at you. You resist with significant effort.
The orc priest barely misses you.
You shoot a bolt. The bolt hits the orc priest!
The orc priest is severely wounded.
The orc priest closely misses you. Grinder hits you but does no damage.
3919 |||
Found retreat position at 1,0 (Grinder; floor) with 0 blocking monsters and 1 monsters attacking at destination at distance 1 You shoot a bolt.
The bolt hits the orc priest.
The orc priest is severely wounded.
An orc comes into view. It is wielding a +2 whip of distortion.
The orc priest hits you but does no damage.
Grinder gestures at you.
You suddenly lose the ability to move!
The orc priest hits you but does no damage.
Grinder hits you.
You writhe in agony.
The orc priest calls down the wrath of Beogh upon you.
Beogh smites you! Grinder hits you but does no damage.
The orc priest hits you with a +0 flail.
You can move again.
3922 |||
Found retreat position at 1,0 (Grinder; floor) with 0 blocking monsters and 1 monsters attacking at destination at distance 1
3922 ||| READING scroll of teleportation.
As you read the scroll of teleportation, it crumbles to dust.
You feel strangely unstable. Grinder hits you but does no damage.
The orc priest hits you with a +0 flail!
You die...

#######.###.####.......
...#.###......###.#.
#..................
##.........#####.#.
#...........# #.#.
..##......#.####... . ##
#......#.##....#
....#####......#..#.#..#
...oO5o@5......##.......
..#######......###.....<
#...%..# #.#..#.
#..$...# #..#.
#..#..$..#......
##..##.......... ...$
.......... .....
......... ....... ....
....


You could see Grinder, an ogre, an orc priest, an orc and an ufetubus.

Vanquished Creatures
  2 ogres (D:4)
  A scorpion (D:5)
  An orc priest (D:4)
  An iguana (D:4)
  A hound (D:5)
  A sleepcap (D:5)
  A hound zombie (D:3)
  9 adders
  6 gnolls
  A shadow imp (D:5)
  A white imp (D:5)
  An adder zombie (D:3)
  2 worms
  A dart slug (D:1)
  8 orcs
  6 ball pythons
  4 endoplasms
  3 giant cockroaches
  14 goblins
  7 hobgoblins
  5 jackals
  7 kobolds
  6 quokkas
  5 bats
  3 frilled lizards
  10 rats
107 creatures vanquished.

Vanquished Creatures (others)
  A quokka (D:3)
1 creature vanquished.

Grand Total: 108 creatures vanquished

Notes
Turn   | Place    | Note
-------+----------+-------------------------------------------
     0 | D:1      | qw the Gargoyle Hunter began the quest for the Orb.
     0 | D:1      | Reached XP level 1. HP: 12/12 MP: 1/1
     0 | D:1      | 0 ||| qw: Version: 0.3-a-76-g4403597
     0 | D:1      | 0 ||| qw: Game counter: 470
     0 | D:1      | 0 ||| qw: Melee chars always use a shield: true
     0 | D:1      | 0 ||| qw: God list: Okawaru
     0 | D:1      | 0 ||| qw: Allow faded altars: false
     0 | D:1      | 0 ||| qw: Do Orc after clearing Dungeon:15 true
     0 | D:1      | 0 ||| qw: Do second Lair branch before Depths: true
     0 | D:1      | 0 ||| qw: Lair rune preference: random
     0 | D:1      | 0 ||| qw: Goals: Normal
     0 | D:1      | 0 ||| PLANNING D:1-11
     0 | D:1      | 0 ||| DROPPING scroll of butterflies.
    71 | D:2      | 71 ||| STAIRDANCE
   105 | D:2      | 105 ||| STAIRDANCE
   128 | D:1      | Reached XP level 2. HP: 16/17 MP: 2/2
   433 | D:1      | Reached XP level 3. HP: 17/21 MP: 3/3
   488 | D:1      | Reached skill level 5 in Ranged Weapons
   872 | D:1      | 872 ||| UPGRADING to +1 hat.
   877 | D:1      | 877 ||| UPGRADING to ring of see invisible.
   878 | D:1      | 878 ||| READING scroll labelled PEGAC WECKEI.
   879 | D:1      | 879 ||| READING scroll labelled TIKAHU DIAD.
   880 | D:1      | 880 ||| READING scroll labelled OMOJUKECOTH.
  1011 | D:2      | 1011 ||| Stepping ~*~*~tactically~*~*~ (outnumbered).
  1017 | D:2      | 1017 ||| Stepping ~*~*~tactically~*~*~ (outnumbered).
  1021 | D:2      | Reached skill level 3 in Fighting
  1021 | D:2      | 1021 ||| FLEEEEING.
  1027 | D:2      | Reached XP level 4. HP: 23/28 MP: 4/4
  1156 | D:2      | 1156 ||| READING scroll of enchant weapon.
  1156 | D:2      | 1156 ||| ENCHANTING +1 shortbow.
  1366 | D:2      | Found a sacrificial altar of Ru.
  1635 | D:2      | 1635 ||| UPGRADING to +0 cloak.
  1640 | D:2      | 1640 ||| UPGRADING to amulet of the acrobat.
  1645 | D:2      | 1645 ||| READING scroll labelled ORONESH IRIBO.
  1936 | D:3      | Found a white marble altar of Elyvilon.
  2239 | D:3      | Reached XP level 5. HP: 32/32 MP: 5/5
  2399 | D:3      | Reached skill level 6 in Ranged Weapons
  2419 | D:3      | Found a basalt altar of Yredelemnul.
  2586 | D:3      | 2586 ||| DRINKING 2 fizzy white potions.
  2587 | D:3      | 2587 ||| READING 2 scrolls of identify.
  2587 | D:3      | 2587 ||| IDENTIFYING murky silvery potion
  2648 | D:4      | Reached skill level 1 in Armour
  2772 | D:4      | Noticed an ogre
  2777 | D:4      | Killed an ogre
  2778 | D:4      | Reached XP level 6. HP: 40/40 MP: 6/6
  2821 | D:4      | HP: 1/40 [ogre/+0 giant spiked club (19)]
  2873 | D:4      | 2873 ||| FLEEEEING.
  2874 | D:4      | 2874 ||| FLEEEEING.
  2875 | D:4      | 2875 ||| FLEEEEING.
  2876 | D:4      | 2876 ||| FLEEEEING.
  2877 | D:4      | 2877 ||| FLEEEEING.
  2878 | D:4      | 2878 ||| FLEEEEING.
  2879 | D:4      | 2879 ||| FLEEEEING.
  2880 | D:4      | 2880 ||| FLEEEEING.
  2881 | D:4      | 2881 ||| FLEEEEING.
  2882 | D:4      | 2882 ||| FLEEEEING.
  2883 | D:4      | 2883 ||| FLEEEEING.
  2884 | D:4      | 2884 ||| STAIRDANCE
  2969 | D:3      | 2969 ||| READING scroll labelled YMENIN SIGOITH.
  2970 | D:3      | 2970 ||| READING 2 scrolls of identify.
  2970 | D:3      | 2970 ||| IDENTIFYING viscous grey potion
  2971 | D:3      | 2971 ||| DROPPING potion of lignification.
  3353 | D:4      | Reached XP level 7. HP: 42/44 MP: 7/7
  3374 | D:4      | Reached skill level 7 in Ranged Weapons
  3693 | D:4      | 3693 ||| UPGRADING to +0 ring mail.
  3703 | D:4      | 3703 ||| DROPPING +0 leather armour.
  3704 | D:4      | 3704 ||| READING scroll labelled SISTRU TIXKATH.
  3707 | D:4      | 3707 ||| READING 2 scrolls of identify.
  3707 | D:4      | 3707 ||| IDENTIFYING smoky silvery potion
  3708 | D:4      | 3708 ||| DROPPING potion of attraction.
  3724 | D:5      | Entered Level 5 of the Dungeon
  3863 | D:5      | 3863 ||| SWAPPING to +0 arbalest.
  3867 | D:5      | 3867 ||| DROPPING +2 shortbow.
  3899 | D:5      | Noticed Grinder
  3902 | D:5      | 3902 ||| Stepping ~*~*~tactically~*~*~ (retreating).
  3903 | D:5      | 3903 ||| Stepping ~*~*~tactically~*~*~ (retreating).
  3904 | D:5      | 3904 ||| Stepping ~*~*~tactically~*~*~ (retreating).
  3905 | D:5      | 3905 ||| Stepping ~*~*~tactically~*~*~ (retreating).
  3912 | D:5      | Paralysed by Grinder for 4 turns
  3919 | D:5      | Paralysed by Grinder for 3 turns
  3920 | D:5      | HP: 7/44 [orc priest/divine providence (8)]
  3922 | D:5      | 3922 ||| READING scroll of teleportation.
  3922 | D:5      | Slain by an orc priest

Levels and vault maps discovered:
D:1:      nicolae_arrival_escape_room, layout_basic
D:2:      layout_loops_corners, basic_altar
D:3:      cheibrodos_greedy_goblins, layout_basic, elyvilon_altar_4,
          lemuel_zombie_altar_yredelemnul, amcnicky_mini_corridor_feature
D:4:      layout_loops_corners
D:5:      layout_rooms, uniq_grinder

Skill      XL: |  1  2  3  4  5  6  7 |
---------------+----------------------+-----
Ranged Weapons | 5 6 7 |  7.8
Fighting       | 3 4 |  4.8
Armour         | 1 |  1.0
Dodging        | |  1.5
Stealth        | |  1.1

Action                     |  1- 3 |  4- 6 |  7- 9 || total
---------------------------+-------+-------+-------++-------
   Fire: Shortbow          |    80 |   210 |    38 ||   328
         Arbalest          |       |       |    16 ||    16
    Use: Scroll            |     3 |     5 |     3 ||    11
         Potion            |       |     1 |       ||     1
 Armour: Leather armour    |    13 |    41 |       ||    54
         Ring mail         |       |       |    27 ||    27
  Dodge: Dodged            |    14 |    65 |    14 ||    93

Table legend:
 A = Non-vault XP
 B = Vault XP
 C = Vault XP percentage of total XP
 D = Non-vault monster count
 E = Vault monster count
 F = Vault count percentage of total count
                 A         B        C        D         E       F
            +---------+---------+-------+---------+---------+-------
      Total |     840 |      42 |   4.8 |      96 |      11 |  10.3
            +---------+---------+-------+---------+---------+-------
        D:1 |      38 |       0 |   0.0 |      22 |       0 |   0.0
        D:2 |      97 |       0 |   0.0 |      23 |       0 |   0.0
        D:3 |      35 |      42 |  54.5 |      15 |      11 |  42.3
        D:4 |     417 |       0 |   0.0 |      25 |       0 |   0.0
        D:5 |     253 |       0 |   0.0 |      11 |       0 |   0.0
            +---------+---------+-------+---------+---------+-------
